2086 views
Uploaded 2023-10-12 00:25:38
Game version 1.36 (6115)
23:51 long 2on2 ladder game on (4)Avalanche_LV
Saved by GIGA
2086 views
Uploaded 2023-10-12 00:25:38
Game version 1.36 (6115)
23:51 long 2on2 ladder game on (4)Avalanche_LV


63 units @ 8.5k
/ 0.9k
46 buildings @ 7.4k
/ 2.6k



| Ritual Dagger | 1 | 125 |
| Rod of Necromancy | 1 | 150 |
| Orb of Corruption | 1 | 375 |
| Scroll of Town Portal | 1 | 350 |
| Dust of Appearance | 1 | 75 |
| Boots of Speed | 2 | 500 |
| Potion of Lesser Invulnerability | 1 | 150 |
| total: | 8 | 1725g |
| Acolyte | 12 | 900 | / | 0 |
| Ghoul | 12 | 1440 | / | 0 |
| Gargoyle | 4 | 700 | / | 120 |
| total: | 28 | 3040g | / | 120w |
| Spirit Tower | 7 | 1015 | / | 280 |
| Nerubian Tower | 2 | 200 | / | 40 |
| Ziggurat | 14 | 2100 | / | 700 |
| Crypt | 2 | 400 | / | 100 |
| Altar of Darkness | 1 | 180 | / | 50 |
| Tomb of Relics | 1 | 130 | / | 30 |
| Graveyard | 1 | 215 | / | 0 |
| Necropolis | 3 | 675 | / | 0 |
| Sacrificial Pit | 1 | 75 | / | 150 |
| Halls of the Dead | 1 | 320 | / | 210 |
| Black Citadel | 1 | 325 | / | 230 |
| total: | 23 | 3775g | / | 1030w |
| 0:06 | Acolyte |
| 0:06 | Acolyte |
| 0:27 | Ziggurat |
| 0:33 | Crypt |
| 0:37 | Crypt |
| 1:10 | Altar of Darkness |
| 1:33 | Ziggurat |
| 1:40 | Ghoul |
| 1:59 | Ghoul |
| 2:26 | Ghoul |
| 2:41 | Tomb of Relics |
| 2:50 | Ghoul |
| 3:03 | Ghoul |
| 3:16 | Carrion Swarm |
| 3:18 | Cannibalize |
| 3:32 | Ziggurat |
| 3:56 | Graveyard |
| 5:10 | Ghoul |
| 5:14 | Halls of the Dead |
| 5:53 | Ghoul |
| 5:53 | Ghoul |
| 6:31 | Ghoul |
| 6:40 | Unholy Strength |
| 6:40 | Unholy Armor |
| 6:42 | Ritual Dagger |
| 6:48 | Rod of Necromancy |
| 7:19 | Ghoul |
| 7:23 | Ziggurat |
| 7:40 | Vampiric Aura |
| 7:49 | Ghoul |
| 8:38 | Carrion Swarm |
| 8:49 | Ghoul |
| 8:50 | Black Citadel |
| 8:53 | Spirit Tower |
| 9:28 | Scroll of Town Portal |
| 9:39 | Spirit Tower |
| 10:25 | Vampiric Aura |
| 11:00 | Gargoyle |
| 11:06 | Ziggurat |
| 12:01 | Ghoul Frenzy |
| 12:37 | Stone Form |
| 12:39 | Gargoyle |
| 12:40 | Nerubian Tower |
| 12:42 | Nerubian Tower |
| 12:43 | Spirit Tower |
| 13:02 | Acolyte |
| 13:24 | Death Coil |
| 13:42 | Necropolis |
| 13:46 | Necropolis |
| 14:16 | Acolyte |
| 14:45 | Necropolis |
| 14:50 | Gargoyle |
| 15:39 | Ziggurat |
| 15:41 | Ziggurat |
| 15:45 | Ziggurat |
| 15:48 | Ziggurat |
| 16:32 | Acolyte |
| 16:32 | Acolyte |
| 16:33 | Spirit Tower |
| 18:18 | Gargoyle |
| 18:19 | Creature Carapace |
| 18:29 | Silence |
| 18:42 | Spirit Tower |
| 18:46 | Acolyte |
| 18:46 | Acolyte |
| 18:53 | Ziggurat |
| 19:01 | Acolyte |
| 19:27 | Sacrificial Pit |
| 19:48 | Boots of Speed |
| 19:51 | Boots of Speed |
| 19:53 | Dust of Appearance |
| 19:58 | Potion of Lesser Invulnerability |
| 21:13 | Spirit Tower |
| 21:51 | Ziggurat |
| 21:53 | Ziggurat |
| 21:54 | Ziggurat |
| 21:55 | Ziggurat |
| 22:12 | Orb of Corruption |
| 22:52 | Spirit Tower |
| 22:55 | Acolyte |
| 22:56 | Acolyte |
| 22:58 | Acolyte |
| Right click | 638 |
| Select group | 450 |
| Select | 357 |
| Build/train/purchase | 92 |
| Chat | 44 |
| Assign group | 40 |
| Use ability | 29 |
| Misc. action | 25 |
| Minimap ping | 23 |
| Resource trade | 8 |
| Item give/drop | 5 |
| Remove unit | 1 |


| Rod of Necromancy | 3 | 450 |
| Sacrificial Skull | 1 | 50 |
| Potion of Mana | 2 | 400 |
| Orb of Corruption | 2 | 750 |
| Dust of Appearance | 1 | 75 |
| Scroll of Town Portal | 3 | 1050 |
| Boots of Speed | 1 | 250 |
| Potion of Lesser Invulnerability | 1 | 150 |
| total: | 14 | 3175g |
| Acolyte | 12 | 900 | / | 0 |
| Ghoul | 10 | 1200 | / | 0 |
| Crypt Fiend | 6 | 1290 | / | 240 |
| Obsidian Statue | 2 | 400 | / | 70 |
| Abomination | 1 | 240 | / | 70 |
| Frost Wyrm | 3 | 1155 | / | 360 |
| Meat Wagon | 1 | 230 | / | 50 |
| total: | 35 | 5415g | / | 790w |
| Nerubian Tower | 3 | 300 | / | 60 |
| Spirit Tower | 4 | 580 | / | 160 |
| Crypt | 1 | 200 | / | 50 |
| Ziggurat | 12 | 1800 | / | 600 |
| Altar of Darkness | 1 | 180 | / | 50 |
| Tomb of Relics | 2 | 260 | / | 60 |
| Graveyard | 1 | 215 | / | 0 |
| Necropolis | 1 | 225 | / | 0 |
| Sacrificial Pit | 1 | 75 | / | 150 |
| Slaughterhouse | 2 | 280 | / | 270 |
| Boneyard | 2 | 350 | / | 400 |
| Halls of the Dead | 1 | 320 | / | 210 |
| Black Citadel | 1 | 325 | / | 230 |
| total: | 23 | 3585g | / | 1580w |
| 0:04 | Acolyte |
| 0:10 | Crypt |
| 0:16 | Ziggurat |
| 0:36 | Altar of Darkness |
| 1:03 | Tomb of Relics |
| 1:12 | Ghoul |
| 1:17 | Acolyte |
| 1:33 | Ghoul |
| 1:49 | Ziggurat |
| 2:24 | Nerubian Tower |
| 2:26 | Acolyte |
| 2:28 | Ghoul |
| 2:35 | Death Coil |
| 2:36 | Dust of Appearance |
| 2:53 | Rod of Necromancy |
| 3:02 | Nerubian Tower |
| 3:13 | Ghoul |
| 3:39 | Ghoul |
| 4:02 | Graveyard |
| 5:08 | Halls of the Dead |
| 5:11 | Ghoul |
| 5:23 | Ziggurat |
| 5:57 | Crypt Fiend |
| 6:42 | Crypt Fiend |
| 6:51 | Crypt Fiend |
| 7:18 | Rod of Necromancy |
| 7:18 | Sacrificial Skull |
| 7:44 | Unholy Aura |
| 8:10 | Crypt Fiend |
| 8:29 | Web |
| 8:32 | Sacrificial Pit |
| 8:35 | Acolyte |
| 9:06 | Potion of Mana |
| 9:06 | Rod of Necromancy |
| 9:10 | Impale |
| 9:35 | Acolyte |
| 9:42 | Slaughterhouse |
| 10:06 | Acolyte |
| 10:10 | Ziggurat |
| 10:29 | Death Pact |
| 10:38 | Necropolis |
| 10:53 | Ghoul |
| 11:08 | Carrion Beetles |
| 11:18 | Ziggurat |
| 11:20 | Nerubian Tower |
| 11:26 | Boots of Speed |
| 11:32 | Potion of Lesser Invulnerability |
| 11:55 | Obsidian Statue |
| 11:56 | Black Citadel |
| 12:10 | Unholy Armor |
| 12:12 | Acolyte |
| 12:18 | Tomb of Relics |
| 12:31 | Acolyte |
| 12:55 | Spirit Tower |
| 12:57 | Acolyte |
| 12:57 | Acolyte |
| 13:32 | Unholy Strength |
| 13:38 | Ghoul |
| 13:47 | Potion of Mana |
| 14:03 | Obsidian Statue |
| 14:09 | Ziggurat |
| 15:03 | Spirit Tower |
| 15:04 | Acolyte |
| 15:10 | Destroyer Form |
| 15:13 | Boneyard |
| 15:15 | Ghoul |
| 15:16 | Ghoul |
| 15:34 | Slaughterhouse |
| 15:51 | Boneyard |
| 16:24 | Abomination |
| 16:30 | Frost Wyrm |
| 16:41 | Scroll of Town Portal |
| 16:41 | Orb of Corruption |
| 16:48 | Meat Wagon |
| 17:20 | Freezing Breath |
| 17:46 | Frost Wyrm |
| 17:49 | Ziggurat |
| 17:53 | Ziggurat |
| 18:03 | Acolyte |
| 18:07 | Creature Attack |
| 18:27 | Ziggurat |
| 18:58 | Ziggurat |
| 19:06 | Frost Wyrm |
| 20:46 | Crypt Fiend |
| 20:49 | Spirit Tower |
| 21:14 | Spirit Tower |
| 21:22 | Orb of Corruption |
| 21:54 | Crypt Fiend |
| 22:06 | Scroll of Town Portal |
| 22:21 | Impale |
| 22:32 | Ziggurat |
| 22:52 | Scroll of Town Portal |
| 23:00 | Ziggurat |
| Right click | 375 |
| Select group | 284 |
| Select | 283 |
| Misc. action | 114 |
| Build/train/purchase | 84 |
| Assign group | 44 |
| Use ability | 32 |
| Chat | 13 |
| Item give/drop | 5 |
| Minimap ping | 2 |
70 units @ 7k
/ 0.7k
93 buildings @ 8.8k
/ 4.9k
GIGA
(207)
(23:37) : 
| Healing Salve | 3 | 300 |
| Lesser Clarity Potion | 2 | 140 |
| Potion of Mana | 1 | 200 |
| Orb of Lightning | 1 | 375 |
| Boots of Speed | 1 | 250 |
| Staff of Teleportation | 1 | 150 |
| Circlet of Nobility | 1 | 175 |
| total: | 10 | 1590g |
| Peon | 16 | 1200 | / | 0 |
| Grunt | 3 | 600 | / | 0 |
| Troll Witch Doctor | 6 | 870 | / | 150 |
| total: | 25 | 2670g | / | 150w |
| Watch Tower | 19 | 2090 | / | 1520 |
| Altar of Storms | 1 | 180 | / | 50 |
| Orc Burrow | 3 | 480 | / | 120 |
| Barracks | 1 | 180 | / | 50 |
| Voodoo Lounge | 2 | 260 | / | 60 |
| War Mill | 1 | 205 | / | 0 |
| Great Hall | 1 | 385 | / | 185 |
| Spirit Lodge | 1 | 150 | / | 150 |
| Stronghold | 1 | 315 | / | 190 |
| Fortress | 1 | 325 | / | 190 |
| total: | 29 | 3930g | / | 2135w |
| 0:02 | Peon |
| 0:03 | Peon |
| 0:09 | Altar of Storms |
| 0:17 | Orc Burrow |
| 0:19 | Peon |
| 0:44 | Barracks |
| 0:49 | Peon |
| 0:50 | Peon |
| 1:06 | Peon |
| 1:24 | Peon |
| 1:46 | Grunt |
| 1:54 | Orc Burrow |
| 1:57 | Peon |
| 2:02 | Voodoo Lounge |
| 2:09 | Wind Walk |
| 2:35 | War Mill |
| 2:51 | Grunt |
| 3:27 | Peon |
| 3:27 | Peon |
| 3:28 | Peon |
| 3:42 | Healing Salve |
| 3:46 | Critical Strike |
| 3:51 | Watch Tower |
| 3:52 | Watch Tower |
| 3:56 | Watch Tower |
| 4:09 | Grunt |
| 4:12 | Peon |
| 5:34 | Stronghold |
| 5:50 | Watch Tower |
| 5:54 | Watch Tower |
| 6:40 | Watch Tower |
| 6:41 | Watch Tower |
| 6:43 | Watch Tower |
| 7:40 | Spiked Barricades |
| 8:03 | Watch Tower |
| 8:04 | Watch Tower |
| 8:05 | Watch Tower |
| 8:18 | Wind Walk |
| 8:22 | Reinforced Defenses |
| 8:23 | Fortress |
| 8:30 | Great Hall |
| 9:07 | Spirit Lodge |
| 9:12 | Voodoo Lounge |
| 9:21 | Watch Tower |
| 10:36 | Healing Salve |
| 10:40 | Lesser Clarity Potion |
| 10:59 | Watch Tower |
| 11:00 | Watch Tower |
| 11:02 | Watch Tower |
| 12:30 | Witch Doctor Adept Training |
| 12:34 | Peon |
| 12:34 | Peon |
| 12:34 | Peon |
| 12:34 | Peon |
| 12:46 | Boots of Speed |
| 12:46 | Staff of Teleportation |
| 12:47 | Circlet of Nobility |
| 13:01 | Watch Tower |
| 13:02 | Watch Tower |
| 13:04 | Watch Tower |
| 13:12 | Potion of Mana |
| 13:14 | Lesser Clarity Potion |
| 13:30 | Orb of Lightning |
| 13:35 | Witch Doctor Master Training |
| 13:35 | Troll Witch Doctor |
| 13:35 | Troll Witch Doctor |
| 13:35 | Troll Witch Doctor |
| 13:38 | Orc Burrow |
| 15:27 | Troll Witch Doctor |
| 15:44 | Watch Tower |
| 15:59 | Improved Spiked Barricades |
| 17:34 | Troll Witch Doctor |
| 17:34 | Troll Witch Doctor |
| 17:40 | Healing Salve |
| Right click | 1276 |
| Select group | 420 |
| Select | 268 |
| Chat | 158 |
| Build/train/purchase | 81 |
| Misc. action | 37 |
| Resource trade | 20 |
| Assign group | 11 |
| Use ability | 10 |
| Item give/drop | 9 |
| Minimap ping | 7 |
| Esc | 1 |



| Lesser Clarity Potion | 1 | 70 |
| total: | 1 | 70g |
| Peasant | 24 | 1800 | / | 0 |
| Footman | 4 | 540 | / | 0 |
| Mortar Team | 1 | 180 | / | 70 |
| Flying Machine | 14 | 1400 | / | 420 |
| Dragonhawk Rider | 2 | 400 | / | 60 |
| total: | 45 | 4320g | / | 550w |
| Scout Tower | 34 | 1020 | / | 680 |
| Arcane Tower | 2 | 140 | / | 100 |
| Guard Tower | 18 | 1260 | / | 900 |
| Altar of Kings | 1 | 180 | / | 50 |
| Farm | 14 | 1120 | / | 280 |
| Barracks | 1 | 160 | / | 60 |
| Lumber Mill | 1 | 120 | / | 0 |
| Arcane Vault | 2 | 260 | / | 60 |
| Town Hall | 2 | 770 | / | 410 |
| Blacksmith | 1 | 140 | / | 60 |
| Workshop | 5 | 700 | / | 700 |
| Arcane Sanctum | 1 | 150 | / | 140 |
| Gryphon Aviary | 2 | 280 | / | 300 |
| Keep | 1 | 320 | / | 210 |
| Castle | 1 | 360 | / | 210 |
| total: | 64 | 4900g | / | 2740w |
| 0:02 | Peasant |
| 0:05 | Altar of Kings |
| 0:07 | Peasant |
| 0:18 | Farm |
| 0:20 | Barracks |
| 0:21 | Peasant |
| 0:41 | Peasant |
| 0:53 | Peasant |
| 0:59 | Farm |
| 1:05 | Peasant |
| 1:15 | Peasant |
| 1:26 | Footman |
| 1:28 | Scout Tower |
| 1:36 | Peasant |
| 1:49 | Footman |
| 1:57 | Farm |
| 1:58 | Farm |
| 2:03 | Arcane Tower |
| 2:29 | Scout Tower |
| 2:34 | Lumber Mill |
| 2:45 | Peasant |
| 2:45 | Peasant |
| 2:50 | Storm Bolt |
| 2:52 | Peasant |
| 2:54 | Footman |
| 3:16 | Guard Tower |
| 3:18 | Peasant |
| 3:36 | Bash |
| 3:44 | Scout Tower |
| 3:44 | Scout Tower |
| 3:49 | Scout Tower |
| 3:50 | Scout Tower |
| 3:51 | Peasant |
| 3:52 | Peasant |
| 4:07 | Scout Tower |
| 4:14 | Arcane Vault |
| 4:36 | Guard Tower |
| 4:38 | Scout Tower |
| 4:39 | Scout Tower |
| 4:40 | Scout Tower |
| 4:41 | Guard Tower |
| 5:07 | Guard Tower |
| 5:10 | Scout Tower |
| 5:10 | Scout Tower |
| 5:15 | Guard Tower |
| 5:17 | Scout Tower |
| 6:00 | Arcane Tower |
| 6:23 | Peasant |
| 6:25 | Guard Tower |
| 6:27 | Scout Tower |
| 6:33 | Footman |
| 6:36 | Peasant |
| 6:45 | Improved Lumber Harvesting |
| 6:54 | Scout Tower |
| 6:55 | Scout Tower |
| 6:56 | Guard Tower |
| 7:20 | Peasant |
| 7:20 | Peasant |
| 7:21 | Peasant |
| 7:31 | Town Hall |
| 7:40 | Town Hall |
| 7:55 | Guard Tower |
| 7:56 | Scout Tower |
| 7:56 | Scout Tower |
| 7:59 | Peasant |
| 7:59 | Peasant |
| 8:00 | Improved Masonry |
| 8:28 | Guard Tower |
| 8:29 | Scout Tower |
| 8:30 | Scout Tower |
| 8:44 | Peasant |
| 8:51 | Guard Tower |
| 8:53 | Keep |
| 9:00 | Blacksmith |
| 10:13 | Peasant |
| 10:16 | Guard Tower |
| 10:17 | Scout Tower |
| 10:18 | Scout Tower |
| 10:20 | Black Gunpowder |
| 10:32 | Storm Bolt |
| 10:39 | Farm |
| 10:39 | Farm |
| 10:44 | Scout Tower |
| 10:48 | Scout Tower |
| 11:02 | Scout Tower |
| 11:03 | Scout Tower |
| 11:04 | Scout Tower |
| 11:04 | Scout Tower |
| 11:05 | Scout Tower |
| 11:06 | Scout Tower |
| 11:15 | Castle |
| 11:34 | Guard Tower |
| 11:36 | Guard Tower |
| 11:37 | Guard Tower |
| 11:43 | Guard Tower |
| 11:46 | Guard Tower |
| 11:47 | Scout Tower |
| 11:48 | Scout Tower |
| 11:48 | Scout Tower |
| 11:51 | Peasant |
| 12:11 | Refined Gunpowder |
| 12:21 | Guard Tower |
| 12:26 | Workshop |
| 12:36 | Workshop |
| 12:38 | Workshop |
| 12:44 | Workshop |
| 12:45 | Workshop |
| 12:52 | Holy Light |
| 13:01 | Farm |
| 13:02 | Farm |
| 13:05 | Advanced Lumber Harvesting |
| 13:30 | Iron Plating |
| 13:37 | Flak Cannons |
| 13:45 | Flying Machine Bombs |
| 13:53 | Hex |
| 13:54 | Fragmentation Shards |
| 13:55 | Flare |
| 14:13 | Farm |
| 14:25 | Mortar Team |
| 14:28 | Farm |
| 14:29 | Farm |
| 14:38 | Scout Tower |
| 14:41 | Arcane Sanctum |
| 14:49 | Imbued Gunpowder |
| 14:56 | Advanced Masonry |
| 15:15 | Guard Tower |
| 15:24 | Farm |
| 15:27 | Farm |
| 15:30 | Farm |
| 15:44 | Flying Machine |
| 15:45 | Flying Machine |
| 15:45 | Flying Machine |
| 15:45 | Flying Machine |
| 15:45 | Flying Machine |
| 15:46 | Flying Machine |
| 16:21 | Magic Sentry |
| 16:32 | Steel Plating |
| 16:35 | Flying Machine |
| 16:35 | Flying Machine |
| 17:06 | Flying Machine |
| 17:07 | Flying Machine |
| 17:19 | Imbued Masonry |
| 17:25 | Gryphon Aviary |
| 17:25 | Gryphon Aviary |
| 17:29 | Arcane Vault |
| 18:01 | Mithril Plating |
| 18:18 | Flying Machine |
| 18:20 | Flying Machine |
| 18:45 | Flying Machine |
| 19:30 | Flying Machine |
| 20:16 | Critical Strike |
| 21:35 | Divine Shield |
| 22:38 | Brilliance Aura |
| 22:49 | Cloud |
| 22:49 | Dragonhawk Rider |
| 22:49 | Dragonhawk Rider |
| 23:02 | Lesser Clarity Potion |
| Right click | 1015 |
| Select | 378 |
| Select group | 210 |
| Build/train/purchase | 112 |
| Misc. action | 67 |
| Use ability | 22 |
| Assign group | 21 |
| Minimap ping | 3 |
| Item give/drop | 1 |
| Remove unit | 1 |